 Dungeon Crawl Stone Soup version 0.18.1-6-gd335043 (webtiles) character file.

431 kae the Carver (level 6, -3/51 HPs)
             Began as a Minotaur Fighter on May 15, 2016.
             Slain by an iguana (12 damage)
             ... on level 4 of the Dungeon.
             The game lasted 00:03:04 (2680 turns).

kae the Carver (Minotaur Fighter)                   Turns: 2680, Time: 00:03:04

Health: -3/51      AC:  6    Str: 21    XL:     6   Next: 67%
Magic:  13/14      EV:  7    Int:  7    God:
Gold:   182        SH:  9    Dex:  9    Spells: 0 memorised, 5 levels left

rFire  + . .     SeeInvis .     a - +1 long sword
rCold  + . .     Gourm    .     b - +0 scale mail
rNeg   . . .     Faith    +     c - +0 shield
rPois  +         Spirit   .     (helmet restricted)
rElec  +         Dismiss  .     (no cloak)
rCorr  +         Reflect  .     (no gloves)
SustAt .         Harm     .     (no boots)
MR     +....                    q - amulet "Qawaiw" {Faith MR+ MP+9}
Stlth  ..........               (no ring)
                                (no ring)

@: lethally poisoned (-3 -> -7), resistant, somewhat resistant to hostile
enchantments, extremely unstealthy
A: retaliatory headbutt, horns 2
a: no special abilities


You were on level 4 of the Dungeon.
You were not hungry.

You visited 1 branch of the dungeon, and saw 4 of its levels.

You collected 182 gold pieces.

Inventory:

Hand Weapons
 a - a +1 long sword (weapon)
Armour
 b - a +0 scale mail (worn)
 c - a +0 shield (worn)
Jewellery
 q - the amulet "Qawaiw" (around neck) {Faith MR+ MP+9}
   (You took it off an orc priest on level 4 of the Dungeon)

   [amulet of faith]

   It allows you to gain divine favour quickly.
   It affects your resistance to hostile enchantments.
   It affects your magic capacity (+9).
Scrolls
 j - a scroll of enchant weapon
 l - 2 scrolls of remove curse
Potions
 d - a potion of might
 e - a potion of invisibility {unknown}
 h - 2 potions of cancellation
 i - a potion of mutation {unknown}
 m - a potion of brilliance
 s - a potion of agility {unknown}
Comestibles
 f - 2 bread rations
 o - 2 meat rations
 p - 3 fruits


   Skills:
 - Level 3.6 Fighting
 + Level 8.7 Long Blades
 - Level 3.6 Armour
 - Level 3.6 Shields


You had 5 spell levels left.
You didn't know any spells.

Dungeon Overview and Level Annotations

Branches:
Dungeon (4/15)
 Temple: D:4-7

Altars:
Fedhas
Qazlal
Zin


Innate Abilities, Weirdness & Mutations

You reflexively headbutt those who attack you in melee.
You have a pair of horns on your head.


Message History

Unknown command.
You are too injured to fight recklessly!
You are too injured to fight recklessly!
Unknown command.
You are too injured to fight recklessly!
You are too injured to fight recklessly!
You are too injured to fight recklessly!
You are too injured to fight recklessly!
Unknown command.
You hit the iguana but do no damage.
The iguana is lightly wounded.
You feel sick. The iguana closely misses you. The iguana bites you.
* * * LOW HITPOINT WARNING * * *
You closely miss the iguana.
The iguana is lightly wounded.
You block the iguana's attack.
You hit the iguana but do no damage.
The iguana is lightly wounded.
You feel sick. The iguana bites you!
You die...

#...# #.# # #.#
#.#.### #.#
#.#...#...# #.#
#.#.#####.#
#.#...#...# #.#
#.#...# # #.#
#.....####.# #l#
##.........#
#@###.......####
#.......(....#
#####..........#
##.....###.#
##...## .# ##.##
# ###


You could see an iguana.

Vanquished Creatures
  A phantom (D:4)
  A scorpion (D:4)
  A crimson imp (D:3)
  2 orc priests (D:4)
  An iguana (D:3)
  An orc wizard (D:4)
  Jessica (D:2)
  2 adders
  An adder skeleton (D:4)
  7 worms
  3 dart slugs
  4 giant geckos
  7 orcs
  7 giant cockroaches
  8 hobgoblins
  3 jackals
  7 kobolds
  A ball python (D:3)
  6 bats
  3 giant newts
  5 goblins
  5 rats
77 creatures vanquished.

Notes
Turn   | Place    | Note
--------------------------------------------------------------
     0 | D:1      | kae the Minotaur Fighter began the quest for the Orb.
     0 | D:1      | Reached XP level 1. HP: 19/19 MP: 0/0
    86 | D:1      | Reached skill level 3 in Long Blades
   304 | D:1      | Reached XP level 2. HP: 26/26 MP: 1/1
   810 | D:2      | Reached skill level 4 in Long Blades
   810 | D:2      | Reached XP level 3. HP: 17/31 MP: 2/2
   915 | D:2      | Noticed Jessica
   924 | D:2      | Killed Jessica
   924 | D:2      | Reached skill level 5 in Long Blades
  1084 | D:2      | Reached XP level 4. HP: 33/39 MP: 3/3
  1362 | D:2      | Found a blossoming altar of Fedhas.
  1362 | D:2      | Found a glowing silver altar of Zin.
  1811 | D:3      | Found a stormy altar of Qazlal.
  1903 | D:3      | Reached skill level 6 in Long Blades
  1922 | D:3      | Reached XP level 5. HP: 21/45 MP: 4/4
  2137 | D:3      | Reached skill level 7 in Long Blades
  2285 | D:4      | Noticed a phantom
  2299 | D:4      | Killed a phantom
  2299 | D:4      | Reached XP level 6. HP: 34/51 MP: 5/5
  2366 | D:4      | Reached skill level 8 in Long Blades
  2582 | D:4      | Got a shimmering brass amulet
  2623 | D:4      | Identified the amulet "Qawaiw" {Faith MR+ MP+9} (You took it off an orc priest on level 4 of the Dungeon)
  2680 | D:4      | Slain by an iguana

Skill      XL: |  1  2  3  4  5  6 |
---------------+-------------------+-----
Long Blades    | 3 4 5 6 7 8 |  8.7
Fighting       | |  3.6
Armour         | |  3.6
Shields        | |  3.6

Action                   |  1- 3 |  4- 6 || total
-------------------------+-------+-------++-------
Melee: Long sword        |    55 |   151 ||   206
       Headbutt          |    13 |    23 ||    36
  Use: Scroll            |       |     8 ||     8
       Potion            |       |     5 ||     5
  Eat: Chunk             |       |     6 ||     6
Armor: Scale mail        |    13 |    58 ||    71
Dodge: Dodged            |    16 |    53 ||    69
Block: Shield            |    24 |    66 ||    90
